Map: Acropolis LE

Players

HeroMarine

  • Race: Terran Terran
  • League: Grandmaster
  • Spawn Location: 5:00

llllllllllll (Stats) - Winner!

  • Race: Protoss Protoss
  • League: Master
  • Spawn Location: 11:00

Event: 2019 Assembly Summer

VOD

Have the link to the VOD?

Description

Time

  • Played on: Aug. 2, 2019, 12:18 p.m.
  • Length: 10:04

All games in this series

Show
View Real Time Build Order
Export as new Build Order

HeroMarine Terran 

Build Orders: Gas First Reaper Expand 

Get SALT Encoding   

  12  0:00  SCV  
  13  0:13  SCV  
  14  0:17  Supply Depot  
  14  0:25  SCV  
  14  0:28  Refinery  
  15  0:38  SCV  
  16  0:43  Barracks  
  16  0:50  SCV  
  17  1:02  SCV  
  18  1:14  SCV  
  19  1:29  Orbital Command  
  19  1:30  Reaper  
  20  1:42  Command Center  
  20  1:54  Factory  
  20  1:56  SCV  
  21  2:05  Barracks Reactor  
  21  2:09  Supply Depot, SCV  
  22  2:16  Refinery  
  22  2:21  SCV  
  23  2:33  SCV  
  24  2:42  Marine x2  
  24  2:43  Starport  
  26  2:45  SCV  
  26  2:47  Widow Mine  
  29  2:57  SCV  
  29  2:59  Marine  
  29  3:00  Marine  
  31  3:09  SCV, Orbital Command  
  31  3:10  Widow Mine  
  34  3:17  Marine x2  
  34  3:19  Medivac  
  38  3:21  SCV  
  39  3:32  Supply Depot  
  39  3:33  Factory Tech Lab, SCV  
  40  3:36  Marine x2  
  40  3:38  SCV  
  43  3:43  Barracks  
  43  3:47  SCV  
  44  3:50  SCV  
  45  3:59  SCV  
  45  4:02  Marine x2, SCV  
  47  4:03  Supply Depot  
  47  4:05  Raven, Factory Tech Lab  
  51  4:11  Barracks  
  51  4:14  SCV x2  
  53  4:20  Engineering Bay  
  53  4:24  Refinery  
  53  4:26  SCV x2  
  55  4:35  Bunker  
  55  4:37  Marine x2  
  58  4:38  SCV x2  
  58  4:40  Stimpack  
  58  4:43  Marauder  
  60  4:47  Supply Depot  
  60  4:49  Terran Infantry Weapons Level 1  
  60  4:52  SCV x2  
  62  5:03  Factory Reactor, Starport Reactor  
  62  5:06  Refinery  
  62  5:08  SCV x2  
  62  5:10  Supply Depot x2, Combat Shield  
  64  5:15  Marauder  
  64  5:17  Marauder  
  64  5:20  SCV  
  64  5:21  SCV  
  70  5:31  Marine x2  
  70  5:32  Supply Depot  
  70  5:33  SCV x2  
  74  5:36  Marauder  
  74  5:38  Supply Depot  
  74  5:39  Marauder  
  77  5:46  Medivac x2  
  77  5:47  Widow Mine x2  
  85  5:55  Marine x2  
  87  5:57  Marauder  
  87  6:00  Marauder  
  91  6:08  Widow Mine x2  
  91  6:11  SCV x2  
  97  6:13  Supply Depot  
  97  6:14  Supply Depot  
  97  6:15  Marine x2  
  98  6:19  Marauder  
  98  6:21  Medivac  
  101  6:33  Marauder  
  101  6:35  Medivac  
  101  6:37  Marine x2  
  104  6:41  Widow Mine x2  
  104  6:43  Command Center  
  106  6:47  Marauder  
  105  6:54  Marauder  
  105  6:55  Marine x2  
  110  7:06  Barracks x2  
  108  7:11  Ghost Academy  
  106  7:16  Medivac x2  
  106  7:19  Terran Infantry Armor Level 1  
  106  7:21  Supply Depot  
  110  7:26  Marine, Marauder  
  110  7:27  Marine  
  114  7:30  Marauder  
  114  7:36  Supply Depot  
  116  7:37  Widow Mine  
  116  7:43  Widow Mine  
  120  7:49  SCV x2  
  122  7:51  Ghost  
  122  7:52  Ghost  
  122  7:56  Marine x2  
  127  8:02  Barracks Reactor, Barracks Tech Lab  
  127  8:03  Medivac x2, Widow Mine  
  127  8:12  Orbital Command  
  121  8:15  Widow Mine  
  123  8:20  Marine x2  
  123  8:21  Marauder x2  
  123  8:26  Marine  
  130  8:28  Widow Mine  
  130  8:31  Concussive Shells  
  132  8:37  Marine  
  132  8:38  Marine, Widow Mine  
  136  8:42  Marine  
  137  8:49  Marine x2  
  137  8:53  Marine  
  137  9:01  Marine  
  137  9:02  Marine x2  
  106  9:10  Marine  
  106  9:11  Marine x3  
  95  9:17  Medivac  
  95  9:18  Marine  
  95  9:19  Marine  
  88  9:26  Marauder  
  88  9:30  Marauder  
  88  9:33  Marauder  
  79  9:40  Marine  
Show
View Real Time Build Order
Export as new Build Order

llllllllllll Protoss - Winner!

Build Orders: 1 Gate Expand, Double Forge, Phoenix Opening, Blink Stalkers 

Get SALT Encoding   

  12  0:00  Probe  
  13  0:12  Probe  
  14  0:17  Pylon  
  14  0:24  Probe  
  15  0:32  Probe  
  15  0:37  Gateway  
  15  0:40  Probe  
  16  0:45  Assimilator  
  17  0:51  Probe  
  18  1:03  Probe  
  19  1:15  Probe  
  20  1:24  Cybernetics Core  
  20  1:31  Nexus  
  20  1:34  Probe  
  21  1:41  Pylon  
  21  1:47  Assimilator  
  21  1:49  Probe  
  21  1:51  Adept  
  22  2:01  Probe, Warp Gate  
  25  2:13  Probe  
  25  2:14  Sentry  
  28  2:25  Probe  
  29  2:37  Probe  
  29  2:42  Probe  
  29  2:43  Stalker  
  32  2:48  Phoenix  
  32  2:49  Probe  
  32  2:50  Probe  
  34  2:58  Twilight Council  
  35  3:00  Probe  
  35  3:01  Probe  
  35  3:03  Gateway  
  37  3:11  Probe  
  38  3:13  Probe  
  38  3:15  Blink  
  38  3:19  Probe  
  39  3:23  Assimilator  
  39  3:25  Probe  
  41  3:27  Probe  
  41  3:30  Pylon  
  42  3:37  Probe  
  42  3:39  Probe  
  44  3:44  Robotics Facility  
  44  3:50  Probe  
  44  3:51  Probe  
  44  3:52  Stalker  
  48  4:00  Stalker  
  48  4:02  Probe  
  51  4:03  Probe  
  51  4:09  Pylon  
  52  4:11  Nexus  
  52  4:14  Pylon  
  52  4:16  Stalker  
  54  4:22  Pylon  
  54  4:27  Probe x2, Stalker  
  54  4:29  Phoenix  
  58  4:40  Stalker  
  58  4:44  Observer  
  58  4:45  Probe x2  
  63  4:49  Forge  
  63  4:50  Forge  
  63  4:52  Stalker  
  63  4:57  Probe x2  
  67  5:02  Pylon  
  67  5:08  Stalker  
  67  5:09  Probe  
  67  5:10  Probe  
  67  5:11  Observer  
  72  5:16  Charge  
  72  5:22  Probe x2  
  72  5:26  Protoss Ground Armor Level 1, Probe  
  75  5:32  Protoss Ground Weapons Level 1  
  75  5:34  Probe  
  75  5:35  Probe  
  77  5:38  Probe  
  78  5:45  Gateway  
  78  5:46  Gateway  
  78  5:47  Gateway x2  
  78  5:48  Probe x2  
  80  5:50  Probe, Observer  
  80  5:51  Gateway  
  80  5:54  Gateway  
  80  5:56  Pylon  
  82  5:59  Zealot, Sentry  
  82  6:02  Immortal  
  82  6:03  Pylon  
  86  6:16  Shield Battery  
  88  6:19  Photon Cannon  
  88  6:23  Zealot x2  
  92  6:34  Immortal  
  92  6:42  Zealot x3  
  92  6:43  Zealot x2  
  106  6:53  Zealot x3  
  108  7:03  Immortal  
  108  7:14  Zealot x2  
  116  7:15  Pylon  
  116  7:16  Pylon  
  116  7:18  Pylon x2  
  116  7:19  Pylon  
  116  7:22  Pylon  
  116  7:27  Assimilator  
  116  7:35  Zealot x8, Assimilator  
  132  7:38  Probe x3  
  132  7:41  Protoss Ground Armor Level 2, Protoss Ground Weapons Level 2, Templar Archives  
  132  7:42  Warp Prism, Assimilator  
  137  7:44  Pylon  
  137  7:45  Pylon  
  137  7:58  Psionic Storm  
  133  8:02  Zealot x2  
  133  8:03  Zealot x2  
  133  8:08  Zealot, Sentry x2  
  133  8:09  Zealot  
  129  8:23  Zealot x4  
  135  8:34  High Templar, Zealot x3  
  137  8:40  Pylon  
  143  8:42  Shield Battery, Pylon  
  143  8:43  Zealot x3, Shield Battery  
  143  8:44  High Templar  
  143  8:45  Pylon  
  151  9:02  Zealot x3  
  139  9:11  Zealot x3  
  139  9:12  Zealot  
  117  9:19  Zealot  
  113  9:25  Zealot x3  
  111  9:34  High Templar x4  
  111  9:35  Archon  
  111  9:44  Zealot  
  109  9:46  Zealot x2  
  109  9:47  Zealot  
Tags
 
Add a new tag
Caveats
  • Supply blocks, unpowered buildings, or Contaminate may cause inaccurate times.
  • Supply counts are checked every 10 seconds.